 Dungeon Crawl Stone Soup version 0.29-a0-330-g52719c12eb (webtiles) character file.

Game seed: 6811374885768625325

186 kae the Changer (level 5, -3/67 HPs)
             Began as a Demigod Transmuter on May 8, 2022.
             Slain by a black bear (9 damage)
             ... on level 4 of the Dungeon.
             The game lasted 00:02:41 (3504 turns).

kae the Changer (Demigod Transmuter)                Turns: 3504, Time: 00:02:42

Health: -3/67      AC: 29    Str: 15    XL:     5   Next: 15%
Magic:  10/12      EV:  2    Int: 15    God:
Gold:   10         SH:  0    Dex: 14    Spells: 4/10 levels left

rFire   . . .      SeeInvis .   d - +3 dagger (protect)
rCold   . . .      Faith    .   (no shield)
rNeg    . . .      Spirit   .   (body armour currently unavailable)
rPois   +          Reflect  .   (helmet currently unavailable)
rElec   .          Harm     .   (cloak currently unavailable)
rCorr   .          Rampage  .   (gloves currently unavailable)
Will    .....      NoTele   +   (boots currently unavailable)
Stlth   +.........              (no amulet)
HPRegen 0.21/turn               (no ring)
MPRegen 0.13/turn               (no ring)

@: tree-form, wereblooded, under a protective aura
A: stationary, stasis, torment immunity, boosted hp, high MP 1, forlorn, divine
attributes
a: no special abilities


You were on level 4 of the Dungeon.
You were a tree.
You visited 1 branch of the dungeon, and saw 4 of its levels.

You collected 161 gold pieces.
You spent 151 gold pieces at shops.

Inventory:

Hand Weapons
 d - a +3 dagger of protection (weapon)
Armour
 a - a +0 robe (melded)
 f - a +0 cloak (melded)
 s - a +0 helmet (melded)
Jewellery
 c - an amulet of the acrobat
Scrolls
 g - a scroll of teleportation
 m - 4 scrolls of identify
 n - a scroll of acquirement {unknown}
 o - a scroll of enchant weapon {unknown}
 p - 4 scrolls of vulnerability {unknown}
 q - a scroll of torment {unknown}
 r - a scroll of enchant armour {unknown}
 u - a scroll of silence
 v - a scroll of amnesia {unknown}
Potions
 e - a potion of flight
 h - 2 potions of curing
 i - 2 potions of degeneration {unknown}
 j - a potion of might {unknown}
 k - 2 potions of brilliance {unknown}
 l - a potion of heal wounds {unknown}
 t - a potion of haste {unknown}


   Skills:
 - Level 3.0 Fighting
 + Level 0.5 Armour
 + Level 2.0 Dodging
 - Level 2.6 Unarmed Combat
 - Level 3.0 Spellcasting
 - Level 3.0 Transmutations


You had 4 spell levels left.
You knew the following spells:

 Your Spells              Type           Power      Damage    Failure   Level
a - Beastly Appendage     Tmut           22%        N/A       6%          1
b - Wereblood             Tmut           11%        N/A       9%          2
c - Spider Form           Tmut/Pois      6%         N/A       32%         3

Your spell library contained the following spells:

 Spells                   Type           Power      Damage    Failure   Level
 Ignite Poison            Fire/Tmut/Pois 5%         N/A       36%         3
 Conjure Flame            Conj/Fire      2%         6-21      52%         3
 Ice Form                 Ice/Tmut       6%         N/A       71%         4
 Sticky Flame             Conj/Fire      2%         2d3       89%         4


Dungeon Overview and Level Annotations

Branches:
Dungeon (4/15)
 Temple: D:4-7

Shops:
D:1 !   D:2 ?   D:4 *


Innate Abilities, Weirdness & Mutations

You are a tree.
Your roots penetrate the ground, keeping you stationary.
You cannot be teleported.
You are immune to unholy pain and torment.
Your maximum health is greatly increased.
Your equipment is partially melded.
You have an increased reservoir of magic. (+10% MP)
You shall have no god before yourself.
Your divine heritage dramatically boosts your attributes as you level up.


Message History

The black bear bites you but does no damage.
The black bear claws you but does no damage.
The black bear barely misses you.
You completely miss the black bear. You claw the black bear.
The black bear is severely wounded.
The black bear goes berserk!
The dart slug barely misses you.
The ball python hisses angrily.
You hear an angry hiss.
There is an open door here.
The black bear attacks as you move away!
The black bear barely misses you. x2; The black bear closely misses you. x2
The black bear claws you but does no damage.
The black bear claws you.
Casting: Beastly Appendage (safe; 6% risk of failure)
Confirm with . or Enter, or press ? or * to list all spells.
Your blood is infused with primal strength.
The black bear barely misses you. x2; The black bear claws you.
Your horns disappear.
Your talons disappear.
Your +0 helmet unmelds from your body.
The black bear bites you! The black bear claws you.
The black bear completely misses you.
A ball python comes into view.
The black bear bites you!
* * * LOW HITPOINT WARNING * * *
The black bear claws you but does no damage.
The black bear claws you.
* * * LOW HITPOINT WARNING * * *
Really quaff the potion of lignification?
You turn into a tree.
Your +0 cloak melds into your body.
Your +0 helmet melds into your body.
Your +0 robe melds into your body.
Your roots penetrate the ground.
The black bear bites you but does no damage.
The black bear claws you.
* * * LOW HITPOINT WARNING * * *
The black bear completely misses you.
The ball python hisses angrily.
You hit the black bear.
Your weapon exudes an aura of protection.
The black bear is almost dead.
The black bear bites you!
You die...

.....#........
..............
###...........
............).
......#..!..## #
....#hh....##.#
####≈≈####....S##
+..<..∩.♣hw.....#.
##########........
##.#####. ...
....# ...[..
....... .......
...##..


You could see a black bear (berserk), a dart slug and a ball python.

Vanquished Creatures
  2 orc wizards
  3 gnolls (D:3)
  3 adders (D:3)
  2 worms (D:2)
  3 orcs (D:2)
  7 ball pythons
  7 endoplasms
  3 giant cockroaches
  17 goblins
  6 hobgoblins
  5 quokkas
  4 bats
  7 kobolds
  6 rats
75 creatures vanquished.

Vanquished Creatures (others)
  A rat (D:3)
  5 demonic plants (D:2)
  A fungus (D:2)
  4 withered plants (D:2)
11 creatures vanquished.

Grand Total: 86 creatures vanquished

Notes
Turn   | Place    | Note
-------+----------+-------------------------------------------
     0 | D:1      | kae the Demigod Transmuter began the quest for the Orb.
     0 | D:1      | Reached XP level 1. HP: 15/15 MP: 5/5
    77 | D:1      | Reached skill level 1 in Fighting
   119 | D:1      | Found Fuug's Distillery.
   639 | D:1      | Reached XP level 2. HP: 23/23 MP: 7/7
   650 | D:1      | Learned a level 2 spell: Wereblood
  1279 | D:2      | Reached XP level 3. HP: 29/29 MP: 5/9
  1514 | D:2      | Found Heopiu's Magic Scroll Emporium.
  1517 | D:2      | Bought a scroll of identify for 22 gold pieces
  2531 | D:2      | Reached XP level 4. HP: 25/36 MP: 7/10
  2545 | D:2      | Learned a level 3 spell: Spider Form
  3202 | D:3      | Reached XP level 5. HP: 44/44 MP: 12/12
  3481 | D:4      | Noticed a black bear
  3481 | D:4      | Found Cecefeal's Assorted Antiques.
  3485 | D:4      | Bought a white potion for 19 gold pieces
  3485 | D:4      | Bought a scroll labelled PEIJIE PA BABB for 22 gold pieces
  3485 | D:4      | Bought a scroll labelled QIXARAM WAS for 22 gold pieces
  3485 | D:4      | Bought a scroll labelled PEIJIE PA BABB for 22 gold pieces
  3485 | D:4      | Bought a scroll of identify for 44 gold pieces
  3504 | D:4      | Slain by a black bear

Illustrated notes

Levels and vault maps discovered:
D:1:      evilmike_arrival_fibonacci_small, layout_basic, serial_shops,
          nicolae_shop_behind_doors
D:2:      layout_loops_corners, serial_shops, nicolae_shop_behind_doors,
          shapermc_ecumenical_altar_gd, minmay_goblin_outpost
D:3:      layout_rooms
D:4:      minmay_chambers_of_threes, layout_cave_pools, serial_shops,
          nicolae_shop_hallway_stairs, uniq_menkaure

Skill      XL: |  1  2  3  4  5 |
---------------+----------------+-----
Fighting       | 1 2 3 |  3.0
Transmutations | 2 3 |  3.0
Spellcasting   | 2 3 |  3.0
Dodging        | 2 |  2.0
Armour         | |  0.5
Unarmed Combat | |  2.6

Action                   |  1- 3 |  4- 6 || total
-------------------------+-------+-------++-------
Melee: Dagger            |   134 |    50 ||   184
       Kick              |    13 |     8 ||    21
       Headbutt          |     6 |     6 ||    12
       Punch             |     4 |       ||     4
       Unarmed           |       |    15 ||    15
 Cast: Beastly Appendage |    20 |     7 ||    27
       Wereblood         |     2 |     2 ||     4
       Spider Form       |       |     2 ||     2
  Use: Scroll            |     2 |       ||     2
       Potion            |       |     4 ||     4
 Stab: Invisible         |       |     3 ||     3
       Sleeping          |       |     1 ||     1
Armor: Robe              |    57 |    22 ||    79
       Skin              |       |     3 ||     3
Dodge: Dodged            |    87 |    76 ||   163

Table legend: (Time is in decaauts)
 A = Elapsed time spent in this place.
 B = Non-inter-level travel time spent in this place.
 C = Inter-level travel time spent in this place.
 D = Time resting spent in this place.
 E = Time spent auto-exploring this place.
 F = Levels seen in this place.
 G = Mean time per level.
                   A        B        C        D        E       F      G
               +--------+--------+--------+--------+--------+-----+--------+
         Total |   3504 |   3443 |     61 |    192 |   2684 |   4 |  876.0 |
       Dungeon |   3504 |   3443 |     61 |    192 |   2684 |   4 |  876.0 |
               +--------+--------+--------+--------+--------+-----+--------+

Top non-repeatable levels by time:
     D:2: 1697 daAuts
     D:1: 1006 daAuts
     D:3: 777 daAuts
     D:4: 22 daAuts
